 Dungeon Crawl Stone Soup version 0.27-a0-906-g0a00ce863d (webtiles) character file.

Game seed: 6659114566452636852

171 Alarkh the Insei (level 5, -1/41 HPs)
             Began as a Demonspawn Gladiator on Apr 6, 2021.
             Succumbed to a scorpion's poison
             ... on level 4 of the Dungeon.
             The game lasted 00:02:05 (3049 turns).

Alarkh the Insei (Demonspawn Gladiator)             Turns: 3049, Time: 00:02:06

Health: -1/41      AC:  5    Str: 20    XL:     5   Next: 26%
Magic:  5/5        EV: 12    Int: 10    God:
Gold:   139        SH:  0    Dex: 15    Spells: 4/4 levels left

rFire    + . .     SeeInvis .     - Unarmed
rCold    . . .     Faith    .   (no shield)
rNeg     . . .     Spirit   .   a - +0 leather armour
rPois    .         Reflect  .   b - +0 helmet
rElec    .         Harm     .   n - +0 cloak
rCorr    .         Rampage  .   (no gloves)
Will     .....                  (no boots)
Stlth    +.........             (no amulet)
HPRegen  0.13/turn              k - +6 ring of strength
MPRegen  0.09/turn              l - ring of protection from fire

@: lethally poisoned (-1 -> -25), attractive
A: spiny 1
a: no special abilities


You were on level 4 of the Dungeon.
You visited 1 branch of the dungeon, and saw 4 of its levels.

You collected 139 gold pieces.

Inventory:

Missiles
 c - 3 throwing nets (quivered)
Armour
 a - a +0 leather armour (worn)
 b - a +0 helmet (worn)
 n - a +0 cloak (worn)
Magical Staves
 g - a staff of cold
Jewellery
 k - a +6 ring of strength (left hand)
 l - a ring of protection from fire (right hand)
Scrolls
 d - a scroll of teleportation {unknown}
 e - a scroll of torment {unknown}
 f - 4 scrolls of identify {unknown}
 h - 2 scrolls of noise {unknown}
 i - a scroll of amnesia {unknown}
 m - a scroll of fog {unknown}
 o - a scroll of magic mapping {unknown}
Potions
 j - a potion of attraction


   Skills:
 + Level 3.5 Fighting
 - Level 1.7 Throwing
 - Level 2.6 Dodging
 * Level 4.7 Unarmed Combat


You had 4 spell levels left.
You didn't know any spells.
Your spell library contained the following spells:

 Spells                   Type           Power      Damage    Failure   Level
 Beastly Appendage        Tmut           0%         N/A       41%         1
 Magic Dart               Conj           0%         1d3       41%         1
 Blink                    Tloc           N/A        N/A       56%         2
 Call Imp                 Summ           0%         N/A       56%         2
 Slow                     Hex            0%         N/A       56%         2
 Wereblood                Tmut           0%         N/A       56%         2
 Conjure Flame            Conj/Fire      0%         6-21      80%         3
 Mephitic Cloud           Conj/Pois/Air  0%         N/A       80%         3
 Spider Form              Tmut/Pois      0%         N/A       80%         3
 Ice Form                 Ice/Tmut       0%         N/A       99%         4
 Hydra Form               Tmut           0%         N/A       100%        5


Dungeon Overview and Level Annotations

Branches:
Dungeon (4/15)
 Temple: D:4-7

Altars:


Innate Abilities, Weirdness & Mutations

You are partially covered in sharp spines.


Message History

The scorpion stings you!
You are poisoned.
The scorpion poisons you!
You closely miss the scorpion.
The scorpion is heavily wounded.
You feel very sick.
The kobold hits the plant with a +0 dagger.
The plant begins to die.
The scorpion completely misses you.
A black bear comes into view.
You hit the scorpion.
The scorpion is almost dead.
You feel very sick.
The kobold hits the plant with a +0 dagger.
The scorpion stings you.
You are lethally poisoned!
The scorpion poisons you!
It was a potion of attraction.
You feel attractive to monsters.
You feel very sick. The scorpion closely misses you.
The kobold hits the plant with a +0 dagger.
The black bear is pulled toward you!
You barely miss the scorpion.
The scorpion is almost dead.
You feel very sick. The scorpion stings you.
* * * LOW HITPOINT WARNING * * *
You are more poisoned.
The scorpion poisons you!
The kobold hits the plant with a +0 dagger.
You barely miss the scorpion.
The scorpion is almost dead.
* * * LOW HITPOINT WARNING * * *
You feel very sick.
A nearby plant withers and dies.
The scorpion is struck by your spines. The scorpion barely misses you.
Unknown command.
You barely miss the scorpion.
The scorpion is almost dead.
You die...

.♣§§§P≈♣≈♣.≈..
.§§P§§.......
.§§....$....
..§...... .
...P... ♣..
♣.h.P ♣♣P...
♣Ks♣♣......
♣@♣†..P...
♣♣.♣.....
♣♣.†P.♣
♣♣..♣..♣
♣♣PP.♣.♣♣
♣.♣.P..♣
♣♣.♣♣.P.♣ ♣P.♣
♣..♣
♣.♣♣♣♣.♣P.


You could see a black bear, a scorpion and a kobold.

Vanquished Creatures
  An orc priest (D:3)
  An orc wizard (D:3)
  5 adders
  3 worms
  4 dart slugs
  3 orcs (D:3)
  2 bats
  8 endoplasms
  A giant cockroach (D:1)
  2 hobgoblins
  2 quokkas (D:1)
  4 ball pythons (D:1)
  12 frilled lizards
  7 goblins
  5 kobolds
  3 rats
63 creatures vanquished.

Vanquished Creatures (others)
  7 plants
7 creatures vanquished.

Grand Total: 70 creatures vanquished

Notes
Turn   | Place    | Note
-------+----------+-------------------------------------------
     0 | D:1      | Alarkh the Demonspawn Gladiator began the quest for the
                  | Orb.
     0 | D:1      | Reached XP level 1. HP: 16/16 MP: 1/1
   134 | D:1      | Reached skill level 3 in Unarmed Combat
   297 | D:1      | Gained mutation: You are partially covered in sharp spines.
                  | [demonic ancestry]
   297 | D:1      | Reached XP level 2. HP: 14/22 MP: 2/2
   672 | D:1      | Reached XP level 3. HP: 23/28 MP: 3/3
   940 | D:2      | Found Akoudeos's Jewellery Boutique.
  1155 | D:2      | Found a faded altar of an unknown god.
  1410 | D:2      | Reached skill level 4 in Unarmed Combat
  1422 | D:2      | Reached XP level 4. HP: 31/34 MP: 4/4
  2507 | D:3      | Reached XP level 5. HP: 15/41 MP: 5/5
  3044 | D:4      | Noticed a black bear
  3049 | D:4      | Succumbed to a scorpion's poison

Illustrated notes

Levels and vault maps discovered:
D:1:      scummos_arrival_checkerplants, layout_loops_ring,
          minmay_misc_feat_hallway, serial_bayou_lagoon_b
D:2:      layout_basic, ebering_ecumenical_altar_webs, serial_shops, shop,
          corner_web_ring
D:3:      layout_basic
D:4:      wad_woods_pond, layout_basic, dk_vineyard_2, serial_bayou_ford_a,
          lemuel_another_geyser

Skill      XL: |  1  2  3  4 |
---------------+-------------+-----
Unarmed Combat | 3 4 |  4.7
Fighting       | 3 |  3.5
Throwing       | |  1.7
Dodging        | |  2.6

Action                   |  1- 3 |  4- 6 || total
-------------------------+-------+-------++-------
Melee: Unarmed           |   117 |    68 ||   185
       Punch             |     2 |     2 ||     4
  Use: Potion            |       |     1 ||     1
 Stab: Sleeping          |     1 |     1 ||     2
Armor: Leather armour    |    26 |     9 ||    35
Dodge: Dodged            |    47 |    25 ||    72

Table legend: (Time is in decaauts)
 A = Elapsed time spent in this place.
 B = Non-inter-level travel time spent in this place.
 C = Inter-level travel time spent in this place.
 D = Time resting spent in this place.
 E = Time spent auto-exploring this place.
 F = Levels seen in this place.
 G = Mean time per level.
                   A        B        C        D        E       F      G
               +--------+--------+--------+--------+--------+-----+--------+
         Total |   3072 |   2974 |     98 |    608 |   1998 |   4 |  768.0 |
       Dungeon |   3072 |   2974 |     98 |    608 |   1998 |   4 |  768.0 |
               +--------+--------+--------+--------+--------+-----+--------+

Top non-repeatable levels by time:
     D:3: 1055 daAuts
     D:2: 1028 daAuts
     D:1: 950 daAuts
     D:4: 38 daAuts
